 Dungeon Crawl Stone Soup version 0.16-a0-1163-g830ab83 (webtiles) character file.

1095 Gustav the Cleaver (level 8, -3/64 HPs)
             Began as a Hill Orc Berserker on Oct 8, 2014.
             Was an Elder of Trog.
             Slain by an orc warrior
             ... wielding a +0 short sword
              (5 damage)
             ... on level 6 of the Dungeon.
             The game lasted 00:15:21 (4317 turns).

Gustav the Cleaver (Hill Orc Berserker)             Turns: 4317, Time: 00:15:21

Health: -3/64      AC: 12    Str: 20    XL:     8   Next: 31%
Magic:  8/8        EV:  9    Int:  7    God:    Trog [****..]
Gold:   343        SH:  0    Dex: 12    Spells: 0 memorised, 7 levels left

rFire  . . .     SeeInvis .     k - +1 hand axe (freeze)
rCold  + . .     Clarity  +     l - +3 scale mail
rNeg   . . .     SustAb   .     (no shield)
rPois  .         Gourm    .     (no helmet)
rElec  .         Spirit   .     u - +0 cloak
rCorr  .         Warding  .     (no gloves)
rMut   .         Stasis   .     (no boots)
MR     .....                    (no amulet)
Stlth  ..........               (no ring)
                                p - ring of protection from cold

@: starving, not resistant to hostile enchantments, extremely unstealthy
A: clarity
a: Burn Spellbooks, Berserk, Trog's Hand, Brothers in Arms, Renounce Religion


You were on level 6 of the Dungeon.
You worshipped Trog.
Trog was greatly pleased with you.
You were starving.

You visited 1 branch of the dungeon, and saw 6 of its levels.

You collected 343 gold pieces.

Inventory:

Hand weapons
 a - a +0 hand axe
 k - a +1 hand axe of freezing (weapon)
 z - the +1 dagger of Law {venom, rN+ SInv}
   (You found it on level 5 of the Dungeon)

   It poisons the flesh of those it strikes.
   It protects you from negative energy.
   It enhances your eyesight.
Missiles
 y - 5 needles of paralysis
Armour
 b - a +0 animal skin
 l - a +3 scale mail (worn)
 u - a +0 cloak (worn)
Magical devices
 t - a wand of frost (37)
 w - a wand of digging (24)
 x - a wand of magic darts (31)
Comestibles
 c - 2 meat rations
 d - 7 fruits
 i - 6 bread rations
 j - 2 beef jerkies
 r - a royal jelly
Scrolls
 e - 4 scrolls of recharging
 f - a scroll of enchant weapon {unknown}
 h - 5 scrolls of identify
 m - a scroll of random uselessness {unknown}
 v - a scroll of enchant armour {unknown}
Jewellery
 p - a ring of protection from cold (left hand)
Potions
 g - a potion of cancellation
 n - a potion of mutation {unknown}


   Skills:
 - Level 3.6 Fighting
 - Level 10.0 Axes
 + Level 7.2 Armour
 - Level 1.5 Dodging


You had 7 spell levels left.
You didn't know any spells.

Dungeon Overview and Level Annotations

Branches:
Dungeon (6/15)             Temple (0/1) D:5

Altars:
Trog

Shops:
D:5 *


Innate Abilities, Weirdness & Mutations

You possess an exceptional clarity of mind.


Message History

The orc warrior is almost dead.
The orc warrior barely misses you.
Eat which item? (? for menu, Esc to quit)
Okay, then.
Drink which item? (? for menu, Esc to quit)
You feel better.
You barely miss the orc warrior.
The orc warrior is almost dead.
The orc warrior hits you with a short sword!
* * * LOW HITPOINT WARNING * * *
Use which ability? (? or * to list) You're too hungry to go berserk.
You barely miss the orc warrior.
The orc warrior is almost dead.
The orc warrior hits you with a short sword.
* * * LOW HITPOINT WARNING * * *
You closely miss the orc warrior.
The orc warrior is almost dead.
The orc warrior hits you with a short sword.
You die...

..# ..# #.#.
#[#.# .....
#.#.#. # #.#.#.#
##'## #o#.#.#
...o..#@#.#.#
#......#%#.#.#
#............#
###
#......#)#...#
#<#
.$.......#)..#
#.#
#########...#
#.# #####...# ##
#o#
#......######..#


#oo #................### You could see an orc warrior.

Vanquished Creatures
  An ice beast (D:5)
  A necrophage (D:5)
  2 sky beasts (D:5)
  3 phantoms
  The ghost of tedric the Changer, a weakling VSTm (D:4)
  A jelly (D:5)
  A quasit (D:5)
  An orc wizard (D:6)
  An iguana (D:5)
  5 worker ants
  4 gnolls (D:3)
  6 adders
  A shadow imp (D:5)
  2 worms (D:2)
  2 giant mites
  4 giant geckos
  An ooze (D:1)
  9 orcs
  A ball python (D:1)
  2 giant cockroaches (D:2)
  4 hobgoblins
  3 jackals (D:5)
  2 quokkas
  5 bats
  4 giant newts
  8 goblins
  9 kobolds
  A kobold zombie (D:5)
  11 rats
96 creatures vanquished.

Vanquished Creatures (others)
  An orc wizard (D:6)
  A giant spore (D:6)
2 creatures vanquished.

Grand Total: 98 creatures vanquished

Notes
Turn   | Place    | Note
--------------------------------------------------------------
     0 | D:1      | Gustav, the Hill Orc Berserker, began the quest for the Orb.
     0 | D:1      | Reached XP level 1. HP: 19/19 MP: 1/1
   200 | D:1      | Reached XP level 2. HP: 16/26 MP: 2/2
   265 | D:1      | Reached skill level 5 in Axes
   779 | D:2      | Reached XP level 3. HP: 30/31 MP: 3/3
   780 | D:2      | Acquired Trog's second power
  1089 | D:2      | Reached skill level 6 in Axes
  1195 | D:2      | Reached XP level 4. HP: 18/39 MP: 4/4
  1778 | D:3      | Reached skill level 7 in Axes
  2080 | D:3      | Reached XP level 5. HP: 33/45 MP: 5/5
  2424 | D:4      | Noticed a phantom
  2461 | D:4      | Noticed tedric's ghost (weakling VSTm)
  2472 | D:4      | Killed tedric's ghost
  2472 | D:4      | Reached skill level 8 in Axes
  2508 | D:4      | Noticed a phantom
  2547 | D:4      | Killed a phantom
  2547 | D:4      | Reached XP level 6. HP: 22/51 MP: 6/6
  2824 | D:4      | Killed a phantom
  2824 | D:4      | Reached skill level 9 in Axes
  2914 | D:4      | Noticed an ogre
  2927 | D:5      | Entered Level 5 of the Dungeon
  3022 | D:5      | Found a staircase to the Ecumenical Temple.
  3033 | D:5      | Found Alufan's General Store.
  3103 | D:5      | Reached skill level 10 in Axes
  3103 | D:5      | Reached XP level 7. HP: 55/57 MP: 7/7
  3227 | D:5      | Got an ancient dagger
  3228 | D:5      | Identified the cursed +1 dagger of Law {venom, rN+ SInv} (You found it on level 5 of the Dungeon)
  3422 | D:4      | Found a bloodstained altar of Trog.
  3474 | D:5      | Reached skill level 5 in Armour
  3975 | D:5      | Gained mutation: You possess an exceptional clarity of mind. [mutagenic meat]
  4046 | D:5      | Reached XP level 8. HP: 43/64 MP: 8/8
  4082 | D:5      | Acquired Trog's third power
  4316 | D:6      | HP: 2/64 [orc warrior/short sword (2)]
  4317 | D:6      | Slain by an orc warrior

Action                   |  1- 3 |  4- 6 |  7- 9 || total
-------------------------+-------+-------+-------++-------
Melee: Hand axe          |    85 |   183 |   201 ||   469
Invok: Berserk           |     3 |       |       ||     3
Evoke: Wand              |       |       |     1 ||     1
  Use: Scroll            |       |       |     5 ||     5
       Potion            |       |       |     3 ||     3
  Eat: Chunk             |     4 |     5 |     4 ||    13
